Map: Darkness Sanctuary LE

Players

FraGor - Winner!

  • Race: Zerg Zerg
  • League: Platinum
  • Spawn Location: 1:00

Test

  • Race: Terran Terran
  • League: Silver
  • Spawn Location: 11:00

VOD

Have the link to the VOD?

Description

Time

  • Played on: May 16, 2018, 3:50 p.m.
  • Length: 14:49
Show
View Real Time Build Order
Export as new Build Order

FraGor Zerg - Winner!

Build Orders: Hatch First, Zergling Baneling 

Get SALT Encoding   

  12  0:01  Drone  
  13  0:09  Drone  
  14  0:17  Overlord  
  14  0:25  Extractor  
  14  0:26  Drone  
  15  0:35  Drone x2  
  17  0:58  Hatchery  
  17  0:59  Drone  
  17  1:06  Drone, Extractor  
  17  1:19  Spawning Pool  
  17  1:23  Drone  
  17  1:26  Drone  
  18  1:38  Drone  
  19  1:59  Overlord  
  19  2:06  Queen  
  19  2:08  Metabolic Boost  
  21  2:10  Queen  
  21  2:13  Zergling x2  
  24  2:18  Drone  
  24  2:21  Drone  
  26  2:24  Drone  
  26  2:27  Drone  
  28  2:38  Drone x2  
  30  2:49  Pneumatized Carapace  
  30  2:51  Drone x3  
  33  2:59  Queen  
  33  3:03  Overlord  
  35  3:08  Drone  
  36  3:23  Hatchery  
  36  3:25  Drone x3  
  36  3:26  Drone  
  39  3:29  Drone x2  
  41  3:46  Zergling x6  
  44  3:49  Overlord x2  
  44  3:53  Baneling Nest, Extractor  
  42  3:59  Zergling x2  
  42  4:00  Zergling x2  
  43  4:10  Overlord  
  43  4:11  Overlord  
  43  4:22  Drone  
  43  4:23  Drone x2  
  46  4:37  Zergling x6  
  46  4:38  Zergling x6  
  52  4:41  Baneling x3  
  52  4:42  Baneling x2  
  52  4:43  Zergling x2  
  53  4:54  Zergling x10  
  53  4:55  Zergling x2  
  53  4:57  Baneling x4  
  59  5:12  Drone x2  
  61  5:14  Lair, Queen  
  61  5:16  Overlord x2  
  62  5:23  Zergling x4  
  62  5:24  Baneling x2  
  64  5:29  Baneling  
  60  5:56  Zergling x6  
  60  5:57  Zergling x18  
  63  6:10  Zergling x4  
  65  6:13  Centrifical Hooks  
  60  6:19  Evolution Chamber x2  
  58  6:25  Zergling x4  
  58  6:26  Zergling x8  
  58  6:29  Extractor  
  58  6:30  Extractor  
  61  6:34  Drone x2  
  61  6:35  Drone  
  61  6:37  Overlord  
  64  6:42  Baneling x4  
  64  6:43  Baneling x4  
  64  6:44  Zergling x10  
  69  6:51  Zergling x4  
  70  6:55  Zergling x2  
  71  7:06  Zergling x4  
  71  7:08  Baneling x4  
  71  7:10  Drone x3  
  71  7:11  Drone x3  
  77  7:18  Drone  
  77  7:19  Drone  
  75  7:43  Drone  
  75  7:44  Drone x7  
  83  7:47  Zerg Ground Armor Level 1, Zerg Melee Weapons Level 1  
  83  7:50  Overseer  
  83  7:51  Overlord x2  
  83  7:57  Zergling x8  
  83  7:58  Zergling x2  
  88  8:04  Hatchery  
  87  8:05  Extractor  
  87  8:06  Drone x4  
  87  8:07  Extractor  
  89  8:28  Baneling  
  89  8:29  Baneling x5  
  89  8:30  Baneling x2  
  89  8:40  Infestation Pit  
  88  8:43  Spire  
  88  8:44  Zergling x2  
  88  8:45  Zergling x28  
  88  8:47  Baneling x2  
  88  8:48  Baneling x2  
  102  8:55  Drone x4  
  105  8:56  Drone  
  105  8:57  Overlord  
  107  9:03  Baneling x6  
  107  9:07  Drone x4  
  111  9:16  Baneling x6  
  111  9:17  Baneling x4, Overlord x3  
  110  9:18  Overlord  
  110  9:35  Zergling x2  
  110  9:36  Zergling x24  
  123  9:38  Baneling  
  123  9:39  Baneling x8  
  123  9:41  Overlord x2  
  123  9:45  Hive  
  114  10:07  Zerg Melee Weapons Level 2  
  114  10:08  Zerg Ground Armor Level 2  
  114  10:12  Overlord x3  
  114  10:31  Extractor  
  114  10:34  Hatchery  
  112  10:36  Zergling x20  
  112  10:37  Zergling x22, Extractor  
  112  10:40  Baneling x2  
  112  10:41  Baneling x11  
  131  10:58  Zergling x2  
  131  10:59  Zergling x24  
  144  11:07  Drone x4  
  144  11:08  Drone x2  
  140  11:36  Baneling  
  140  11:37  Baneling x16  
  140  11:38  Baneling x15  
  140  11:43  Drone x2  
  142  12:01  Hatchery, Extractor  
  137  12:04  Extractor  
  111  12:30  Adrenal Glands  
  111  12:32  Greater Spire  
  111  12:39  Drone x3  
  111  12:40  Drone x2  
  111  12:42  Zergling x2  
  111  12:43  Zergling x48  
  140  13:10  Baneling  
  140  13:11  Baneling x15  
  140  13:30  Zergling x2  
  140  13:31  Zergling x34  
  140  13:32  Zergling x14  
  164  14:04  Zergling x2  
  164  14:05  Zergling x44  
Show
View Real Time Build Order
Export as new Build Order

Test Terran 

Build Orders: MMM Bio 

Get SALT Encoding   

  12  0:01  SCV  
  13  0:13  SCV  
  14  0:20  Supply Depot  
  14  0:25  SCV  
  15  0:33  Refinery  
  15  0:42  SCV  
  16  0:48  Barracks  
  16  0:56  SCV  
  17  1:21  Command Center  
  17  1:35  Orbital Command  
  17  1:36  Marine  
  18  1:55  Marine, Barracks  
  19  2:02  Supply Depot  
  19  2:12  Barracks  
  20  2:16  Barracks Tech Lab  
  19  2:23  SCV  
  20  2:32  Barracks  
  20  2:36  SCV  
  21  2:37  Marine  
  21  2:43  Marine  
  23  2:46  Stimpack  
  23  2:51  SCV  
  24  2:53  SCV  
  24  2:55  Marine  
  26  3:02  Marine  
  26  3:03  SCV  
  26  3:04  Barracks Reactor  
  28  3:10  SCV  
  29  3:13  Marine  
  29  3:15  SCV  
  31  3:20  Marine  
  31  3:23  Barracks Reactor  
  33  3:27  SCV  
  33  3:29  Orbital Command  
  33  3:31  Marine  
  34  3:39  SCV  
  36  3:43  Marine  
  37  3:48  Marine  
  37  3:50  Marine  
  37  3:51  SCV  
  37  3:52  Barracks Reactor  
  39  4:01  Marine  
  40  4:06  Marine  
  40  4:07  Marine  
  40  4:09  Barracks  
  42  4:13  Marine x2  
  44  4:18  Marine  
  45  4:24  Marine  
  45  4:26  Barracks  
  46  4:31  Supply Depot  
  46  4:32  Supply Depot  
  46  4:52  Marine x7  
  46  4:56  Engineering Bay  
  53  5:01  Supply Depot  
  53  5:06  SCV  
  53  5:07  SCV  
  55  5:09  Barracks Reactor  
  55  5:10  Marine x7  
  62  5:14  Barracks Reactor  
  62  5:28  Marine x7  
  62  5:33  Terran Infantry Weapons Level 1  
  69  5:46  Marine  
  69  5:49  Marine x6  
  69  5:53  Barracks  
  50  6:04  Marine  
  45  6:05  Marine x2  
  45  6:06  Marine x2  
  45  6:07  Marine x5  
  45  6:11  Marine  
  52  6:21  Marine  
  52  6:23  Marine x2  
  52  6:24  Marine x2  
  52  6:25  Marine x5  
  59  6:28  Marine  
  60  6:34  Supply Depot  
  60  6:39  Marine  
  61  6:41  Marine x4  
  61  6:42  Marine x4, Barracks Reactor  
  61  6:45  Marine  
  70  6:51  Marine  
  70  6:53  Supply Depot  
  61  6:57  Marine, Supply Depot  
  58  7:05  Marine  
  58  7:06  Marine x6  
  65  7:19  Marine x4  
  69  7:28  Command Center  
  47  7:30  Marine x4  
  47  7:31  Marine x5  
  52  7:37  Marine x3  
  52  7:39  Marine  
  56  7:47  Marine, Combat Shields  
  56  7:48  Marine  
  58  7:51  Terran Infantry Armor Level 1  
  58  7:52  Marine  
  58  7:56  SCV  
  60  8:01  Marine x3  
  60  8:02  Marine  
  60  8:04  Marine  
  65  8:13  Marine x2  
  65  8:16  Marine x2  
  65  8:17  Marine x3  
  72  8:24  Factory  
  72  8:25  Marine  
  73  8:29  SCV  
  73  8:31  SCV  
  75  8:34  Marine x2  
  75  8:35  Marine  
  75  8:37  Marine  
  75  8:41  SCV, Marine x3  
  80  8:46  Marine x3  
  80  8:48  Marine  
  87  8:49  Marine  
  87  8:54  SCV  
  88  9:03  Marine x5  
  88  9:06  SCV x2  
  95  9:13  Sensor Tower  
  95  9:18  SCV  
  95  9:23  SCV x2  
  98  9:24  Marine  
  98  9:25  Marine x5  
  98  9:28  Marine x2  
  98  9:29  Marine  
  98  9:30  SCV, Unknown  
  108  9:32  Marine  
  109  9:42  Supply Depot  
  109  9:45  Supply Depot  
  109  9:51  Marine x3  
  109  9:52  Marine x2  
  109  9:53  SCV x2  
  109  9:55  Marine  
  109  9:56  Marine x4  
  63  10:01  Marine x3  
  63  10:05  SCV  
  63  10:06  SCV  
  68  10:09  Marine x3  
  68  10:12  Orbital Command  
  68  10:13  Marine x2  
  68  10:14  Marine  
  74  10:15  Marine  
  75  10:23  Marine x4  
  75  10:24  Marine x2  
  75  10:27  Marine x2  
  83  10:31  Marine, Bunker  
  83  10:32  Marine  
  83  10:33  Marine  
  86  10:41  Marine x6  
  86  10:42  Marine  
  93  10:50  Marine x2  
  93  10:51  Marine x4  
  92  10:58  Marine  
  92  10:59  Marine x6  
  99  11:19  SCV  
  100  11:31  SCV  
  101  11:41  Marine x3  
  104  11:50  Marine x4  
  104  11:51  Marine x4  
  104  11:52  Marine x2  
  114  11:59  Marine x3  
  117  12:08  Marine x5  
  62  12:09  Marine x5  
  57  12:16  Marine  
  57  12:17  Marine x2  
  44  12:26  Marine x6  
  44  12:27  Marine x3  
  54  12:32  SCV x3  
  54  12:34  Marine x2  
  54  12:35  Marine x2  
  60  12:43  Marine  
  60  12:44  Marine x5  
  62  12:45  Marine x2  
  61  12:52  Marine x3  
  61  12:53  Marine  
  61  13:01  Marine x2  
  61  13:02  Marine x5  
  61  13:03  Marine  
  67  13:10  Marine x4  
  72  13:12  SCV  
  72  13:13  SCV  
  72  13:19  Marine x3  
  75  13:20  Marine x4  
  75  13:21  Marine  
  75  13:25  SCV x2  
  83  13:28  Marine x4  
  87  13:37  Marine x4  
  87  13:38  Marine x3  
  87  13:39  Marine  
  94  13:45  Marine  
  94  13:46  Marine x3  
  92  13:55  Marine x5  
  94  13:56  Marine x3  
  100  14:03  Marine x2  
  100  14:04  Marine x2  
  94  14:12  Marine  
  94  14:13  Marine x5  
  94  14:14  Marine x2  
  102  14:21  Marine x2  
  102  14:22  Marine x2  
  106  14:30  Marine x2  
Tags
 
Add a new tag
Caveats
  • Supply blocks, unpowered buildings, or Contaminate may cause inaccurate times.
  • Supply counts are checked every 10 seconds.